 Dungeon Crawl Stone Soup version 0.31.0-12-g77e489cdc1 (console) character file.

Game seed: 711188027399773834

285 lynnlei the Ducker (level 6, 0/32 HPs)
             Began as a Spriggan Chaos Knight on Feb 20, 2024.
             Was a Plaything of Xom.
             Killed by psychic fangs
             ... invoked by a brain worm
              (5 damage)
             ... on level 4 of the Dungeon on Feb 24, 2024.
             The game lasted 00:08:10 (2595 turns).

lynnlei the Ducker (Spriggan Chaos Knight)          Turns: 2595, Time: 00:08:10

Health: 0/32       AC:  4    Str:  7 (8)  XL:     6   Next: 7%
Magic:  6/7        EV: 24    Int: 13      God:    Xom [....*.]
Gold:   193        SH:  0    Dex: 15 (17) Spells: 5/5 levels left

rFire   . . .        a - +0 short sword (chaos)
rCold   . . .        (no shield)
rNeg    . . .        b - +2 robe
rPois   +            (helmet restricted)
rElec   .            (no cloak)
rCorr   .            (gloves unavailable)
SInv    +            (boots unavailable)
Will    +....        (no amulet)
Stlth   +            g - +5 ring of evasion
HPRegen 0.25/turn    (no ring)
MPRegen 0.10/turn

%: no passive effects
@: lethally poisoned (0 -> -2), liquefying, attractive, slowed movement, quick
A: very small, no large weapons, unfitting armour, see invisible, speed 3, claws
1, deterioration 1, poison resistance
a: Renounce Religion


You were on level 4 of the Dungeon.
You worshipped Xom.
You were a beloved toy of Xom.
You visited 1 branch of the dungeon, and saw 4 of its levels.
You also visited: Sewer.

You collected 193 gold pieces.

Inventory:

Hand Weapons
 a - a +0 short sword of chaos (weapon)
 e - a +0 shortbow
Missiles
 f - 7 poisoned darts (quivered)
Armour
 b - a +2 robe (worn)
Jewellery
 g - a +5 ring of evasion (left claw)
Wands
 j - a wand of flame (15)
Scrolls
 c - a scroll of butterflies
 l - a scroll of teleportation {unknown}
 m - a scroll of revelation {unknown}
 n - a scroll of vulnerability {unknown}
Potions
 h - a potion of curing {unknown}
 i - a potion of cancellation {unknown}
 k - 2 potions of berserk rage


   Skills:
 + Level 3.6 Fighting
 + Level 4.7 Short Blades
 + Level 2.4 Ranged Weapons
 + Level 5.1 Dodging


You had 5 spell levels left.
You didn't know any spells.
Your spell library contained the following spells:

 Spells                   Type           Power      Damage    Failure   Level
 Slow                     Hex            0%         N/A       30%         1
 Confusing Touch          Hex            0%         N/A       67%         3
 Sigil of Binding         Hex            0%         N/A       67%         3
 Vampiric Draining        Necr           0%         2d6       67%         3


Dungeon Overview and Level Annotations

Branches:
Dungeon (4/15)              Sewer (visited)
 Temple: D:4-7

Altars:
Dithmenos


Innate Abilities, Weirdness & Mutations

You are very small and have problems with some larger weapons.
You are too small for most types of armour.
You have supernaturally acute eyesight. (SInv)
You cover ground extremely quickly. (Speed+++)
You have sharp fingernails.
Your body sometimes deteriorates upon taking damage.
Your system is resistant to poisons. (rPois)


Message History

The stone staircase leading up slides away from you!
The scorpion stings you. The orc completely misses you.
You hear Xom's avuncular chuckle.
The scorpion evaporates and reforms as a brain worm!
The adder attacks as it pursues you! The adder completely misses you.
Xom's power almost touches on you for a moment.
You briefly become tangled in your robes.
You open the door.
Xom plays with reality for a moment.
The ground around you becomes liquefied!
You are now a beloved toy of Xom.
The brain worm misses you.
The brain worm's bulging head throbs.
Something gnaws on your mind!
You feel your power leaking away.
There is an open door here.
Okay, then.
It was a potion of attraction.
You feel attractive to monsters.
Xom thinks this is hilarious!
The adder bites you.
You are poisoned.
The adder poisons you! The orc is attracted toward you. x2
You hit the adder. You freeze the adder.
The adder is heavily wounded.
You feel sick. The adder closely misses you.
You hit the adder. You burn the adder.
The adder is severely wounded.
You feel sick. The adder barely misses you.
You hit the adder. Lightning courses through the adder!!
You kill the adder!
You hit the orc but do no damage.
You feel sick.
You hit the orc. You freeze the orc.
The orc is heavily wounded.
You feel sick. The orc hits you with a +0 club.
* * * LOW HITPOINT WARNING * * *
The brain worm's throbbing head pulsates.
Something gnaws on your mind!
You die...
Xom howls with laughter!

#......#
#......#
#......#
#......+
#).....#
#..# .#
##..##.#####
#..o.......#
#..w.......+
###o##.....#
#.@# ..$<.#
#...........
#...........
#.........##
#...#######
##... #...
....


You could see a brain worm (struggling) and 2 orcs.

Vanquished Creatures
  Pargi (Sewer)
  A brain worm (Sewer)
  An orc wizard (D:4)
  3 adders
  2 dart slugs
  A ribbon worm (D:2)
  9 bats
  6 endoplasms
  8 giant cockroaches
  6 goblins
  3 hobgoblins
  3 jackals (D:1)
  4 quokkas
  4 ball pythons
  7 frilled lizards
  3 kobolds
  10 rats
72 creatures vanquished.

Vanquished Creatures (collateral kills)
  A ball python (D:3)
1 creature vanquished.

Grand Total: 73 creatures vanquished

Notes
Turn   | Place    | Note
-------+----------+-------------------------------------------
     0 | D:1      | lynnlei the Spriggan Chaos Knight began the quest for the
                  | Orb.
     0 | D:1      | Reached XP level 1. HP: 11/11 MP: 2/2
   336 | D:1      | Reached XP level 2. HP: 16/16 MP: 3/3
   354 | D:1      | XOM: noise
   397 | D:1      | XOM is BORED!
   397 | D:1      | XOM: noise
   403 | D:1      | XOM: summons 3 hostile shadow creatures
   573 | D:1      | XOM: smoke on damage
   724 | D:1      | You fall into a shaft and drop 1 floor!
   810 | D:2      | Reached XP level 3. HP: 19/19 MP: 4/4
  1042 | D:2      | Reached skill level 4 in Dodging
  1188 | D:2      | XOM: summons 2 hostile shadow creatures
  1272 | D:2      | XOM: give mutations
  1272 | D:2      | Gained mutation: Your body sometimes deteriorates upon
                  | taking damage. [Xom's mischief]
  1272 | D:2      | Gained mutation: You have sharp fingernails. [Xom's
                  | mischief]
  1639 | D:3      | Found a shadowy altar of Dithmenos.
  1674 | D:3      | Reached skill level 1 in Ranged Weapons
  1713 | D:3      | Reached XP level 4. HP: 19/24 MP: 5/5
  1791 | D:3      | Found a glowing drain.
  1807 | D:3      | XOM: blink monster(s)
  1837 | Sewer    | Entered a sewer
  1862 | Sewer    | Noticed a brain worm
  1870 | Sewer    | XOM: swap monsters
  1875 | Sewer    | Killed a brain worm
  1876 | Sewer    | Reached XP level 5. HP: 23/28 MP: 4/6
  1876 | Sewer    | Noticed Pargi
  1887 | Sewer    | XOM: give mutation
  1887 | Sewer    | Gained mutation: Your system is resistant to poisons.
                  | (rPois) [Xom's mischief]
  1891 | Sewer    | Killed Pargi
  1892 | Sewer    | Reached skill level 5 in Dodging
  2580 | D:4      | XOM: stat loss: -1 Dex (15/17)
  2584 | D:4      | Reached XP level 6. HP: 19/32 MP: 7/7
  2584 | D:4      | XOM: repel stairs
  2585 | D:4      | XOM: polymorph scorpion -> brain worm
  2586 | D:4      | XOM: silly message
  2587 | D:4      | XOM: cast spell 'Leda's Liquefaction'
  2595 | D:4      | Killed from afar by a brain worm

Illustrated notes

Levels and vault maps discovered:
D:1:      saegor_arrival_fortress, layout_loops_ring,
          shapermc_ecumenical_altar_mp_vishouse
D:2:      layout_basic
D:3:      layout_basic, nicolae_dithmenos_through_a_glass_darkly,
          serial_aquarium, aquarium_bridge_straight [aquarium_subvault_bridge,
          aquarium_subvault_wall, aquarium_subvault_bridge,
          aquarium_subvault_wall], aquarium_window_fake, aquarium_window_3,
          aquarium_window_fake, aquarium_window_2, aquarium_view_2f,
          aquarium_view_2e, aquarium_balcony_double_1, aquarium_pool_corner,
          portal_sewer_entry_f
D:4:      minmay_general_purpose_star, layout_gridville,
          nemelex_dance_club_becter, minmay_temple_entry_slanted, serial_shops,
          nicolae_diamond_shop, shop, nicolae_shop_peninsula,
          corexii_leaking_fountain, uniq_ijyb

Skill      XL: |  1  2  3  4  5 |
---------------+----------------+-----
Dodging        | 4 5 |  5.1
Fighting       | 3 |  3.6
Short Blades   | 4 |  4.7
Ranged Weapons | 1 2 |  2.4

Action                     |  1- 3 |  4- 6 || total
---------------------------+-------+-------++-------
  Melee: Short sword       |   170 |    98 ||   268
         Punch             |     2 |       ||     2
   Fire: Shortbow          |     3 |       ||     3
    Use: Potion            |       |     1 ||     1
   Stab: Sleeping          |     3 |     2 ||     5
         Paralysed         |       |     2 ||     2
 Armour: Robe              |    40 |    38 ||    78
  Dodge: Dodged            |   131 |   151 ||   282
